Map: Prion Terraces

Players

DeJoT

  • Race: Zerg Zerg
  • League: Diamond

Hindulaatti - Winner!

  • Race: Terran Terran
  • League: Diamond

VOD

Have the link to the VOD?

Description

Time

  • Played on: Feb. 19, 2016, 6:01 p.m.
  • Length: 10:34
Show
View Real Time Build Order
Export as new Build Order

DeJoT Zerg 

Build Orders: Hatch First 

Get SALT Encoding   

  12  0:06  Drone  
  13  0:12  Overlord  
  13  0:19  Drone  
  14  0:32  Drone x2  
  16  0:58  Hatchery  
  16  0:59  Drone  
  16  1:00  Drone  
  17  1:19  Spawning Pool  
  17  1:20  Drone  
  17  1:23  Drone  
  18  1:27  Drone  
  19  1:34  Extractor  
  18  1:57  Hatchery  
  17  2:07  Zergling x6  
  20  2:12  Queen  
  22  2:16  Drone  
  23  2:42  Drone x5  
  28  2:44  Overlord  
  29  2:58  Hatchery  
  29  3:00  Overlord  
  29  3:04  Drone  
  28  3:09  Overlord  
  28  3:18  Drone x2, Queen  
  32  3:26  Drone x3  
  35  3:29  Drone  
  35  3:31  Drone  
  35  3:32  Drone  
  38  3:37  Drone  
  38  3:38  Drone  
  40  3:46  Spine Crawler  
  39  3:52  Drone x2  
  41  3:58  Overlord  
  41  4:03  Overlord  
  41  4:05  Roach Warren  
  41  4:06  Extractor  
  41  4:07  Extractor  
  38  4:11  Metabolic Boost  
  38  4:14  Drone x2  
  38  4:15  Drone, Baneling Nest  
  40  4:27  Drone x3  
  40  4:29  Evolution Chamber  
  42  4:31  Evolution Chamber  
  42  4:32  Drone x3, Extractor  
  42  4:34  Queen  
  45  4:40  Drone x2  
  45  4:41  Drone x2  
  49  4:48  Overlord  
  49  4:51  Drone  
  50  4:56  Lair  
  50  4:59  Baneling  
  50  5:00  Zergling x2, Baneling x5  
  50  5:01  Zergling x2  
  52  5:11  Zerg Ground Armor Level 1  
  52  5:14  Drone x5  
  52  5:15  Drone  
  52  5:17  Drone  
  52  5:18  Drone  
  52  5:19  Drone  
  61  5:34  Drone  
  62  5:39  Overlord  
  62  5:41  Overlord  
  62  5:46  Overlord x2  
  62  5:48  Zergling x4  
  62  5:49  Zergling x4  
  66  5:50  Zerg Melee Weapons Level 1  
  66  5:58  Drone x2  
  66  6:02  Drone x3  
  66  6:03  Drone  
  72  6:05  Extractor  
  72  6:06  Zergling x4  
  72  6:07  Zergling x6, Extractor  
  75  6:12  Spire  
  74  6:19  Infestation Pit  
  73  6:30  Roach x3  
  79  6:32  Spore Crawler  
  79  6:33  Drone x2, Hatchery  
  79  6:34  Drone x2  
  79  6:35  Drone x2, Extractor  
  79  6:36  Extractor  
  81  6:43  Spore Crawler  
  57  6:57  Roach x5  
  65  7:10  Drone x4  
  65  7:11  Drone x3  
  72  7:24  Overlord  
  72  7:25  Queen  
  72  7:28  Mutalisk x4  
  82  7:31  Overlord, Zerg Flyer Weapons Level 1  
  82  7:44  Spore Crawler  
  82  7:45  Spine Crawler  
  80  7:53  Mutalisk x2  
  84  8:00  Mutalisk  
  84  8:01  Mutalisk  
  88  8:08  Mutalisk x2  
  92  8:15  Drone x2  
  94  8:21  Mutalisk  
  95  8:38  Zergling x2  
  95  8:39  Zergling x6  
  77  8:50  Zergling x6  
  77  8:51  Zergling x10  
  70  9:01  Mutalisk x5  
  78  9:03  Zergling x4  
  78  9:04  Zergling x2  
  79  9:17  Baneling  
  79  9:18  Baneling  
  79  9:23  Zergling x2  
  79  9:24  Zergling x8  
  67  9:33  Zergling x4  
  51  9:50  Zergling x4  
  49  10:04  Zergling x2  
Show
View Real Time Build Order
Export as new Build Order

Hindulaatti Terran - Winner!

Build Orders: MMM Bio 

Get SALT Encoding   

  12  0:00  SCV  
  13  0:13  SCV  
  14  0:18  Supply Depot  
  14  0:25  SCV  
  15  0:39  SCV  
  15  0:42  Barracks  
  16  0:51  Refinery, SCV  
  17  1:07  SCV  
  18  1:21  SCV  
  19  1:32  Marine  
  19  1:39  Command Center  
  20  1:48  Orbital Command  
  19  1:58  Marine  
  20  2:04  Supply Depot  
  20  2:13  Bunker  
  20  2:18  Marine  
  21  2:23  SCV  
  22  2:30  Factory  
  22  2:46  Supply Depot  
  22  2:50  Marine  
  23  2:56  Supply Depot  
  23  2:57  Barracks  
  23  3:08  SCV  
  23  3:09  Orbital Command  
  24  3:20  SCV  
  24  3:21  Factory Tech Lab  
  24  3:22  Refinery, Barracks Reactor  
  25  3:32  SCV  
  26  3:42  SCV  
  26  3:44  SCV  
  26  3:45  Starport  
  28  3:57  Marine  
  28  4:00  SCV  
  28  4:01  Refinery  
  28  4:02  Refinery, Engineering Bay  
  30  4:13  Supply Depot, Barracks  
  30  4:14  Supply Depot  
  30  4:15  Barracks Reactor  
  30  4:17  Barracks Tech Lab, Marine  
  30  4:19  Siege Tank  
  30  4:21  SCV  
  35  4:28  Supply Depot  
  35  4:29  Starport Reactor  
  35  4:41  Engineering Bay, SCV x2  
  35  4:44  Terran Infantry Weapons Level 1  
  37  4:53  SCV  
  37  4:54  SCV  
  37  4:55  Marine, Stimpack  
  37  4:57  Marine  
  37  4:58  Marine  
  42  5:05  Medivac  
  42  5:06  SCV  
  45  5:10  SCV  
  46  5:14  Marine  
  46  5:16  Marine  
  46  5:18  SCV, Barracks Reactor  
  46  5:21  Medivac, Marine  
  51  5:22  SCV  
  53  5:30  SCV  
  53  5:32  Terran Infantry Armor Level 1  
  53  5:34  SCV  
  55  5:42  SCV  
  56  5:46  SCV  
  57  5:52  Armory  
  57  5:54  SCV  
  57  5:56  Medivac, Marine x2  
  57  5:57  Marine x3  
  62  5:58  SCV  
  62  6:00  Supply Depot  
  62  6:04  Supply Depot  
  66  6:06  SCV  
  66  6:10  SCV  
  68  6:14  Marine  
  70  6:18  SCV  
  70  6:19  Marauder, Marine x3  
  70  6:21  Siege Tank  
  70  6:23  SCV  
  79  6:32  Marine  
  80  6:41  SCV x2  
  80  6:42  Marauder, Marine x3  
  87  6:49  Marine  
  87  6:53  SCV x2  
  87  6:59  Liberator  
  87  7:00  Marine x2  
  89  7:16  Medivac  
  89  7:17  SCV x2  
  89  7:19  Marine  
  89  7:20  Combat Shields, Marauder, Marine x3  
  102  7:23  Command Center, Barracks  
  102  7:29  Terran Infantry Weapons Level 2  
  102  7:33  Supply Depot  
  102  7:38  Marine, SCV x2  
  102  7:42  Supply Depot  
  105  7:50  Medivac  
  107  8:00  Marauder, Marine x4  
  113  8:06  Medivac  
  113  8:10  Siege Tank  
  118  8:13  Barracks  
  118  8:14  Supply Depot  
  118  8:17  Supply Depot  
  118  8:18  Marine x4  
  122  8:20  Medivac  
  122  8:22  Marauder  
  125  8:35  Marine  
  126  8:46  Liberator  
  124  8:54  Marauder, Marine x4  
  124  8:55  Barracks Tech Lab  
  128  9:02  Medivac, Siege Tank  
  133  9:11  Marine  
  133  9:15  Marauder  
  136  9:22  Marine  
  136  9:23  Marine x3  
  136  9:29  Marine  
  134  9:32  Medivac  
  134  9:34  Siege Tank  
  134  9:36  Marine  
  140  9:40  Marine  
  140  9:41  Marine x3  
  140  9:44  SCV  
  140  9:45  SCV  
  143  9:46  Orbital Command, Medivac  
  143  9:47  Marine  
  146  9:54  Marine  
  146  9:56  SCV  
  146  9:58  Marine x3  
  152  10:05  Marine  
  142  10:12  Marine  
  125  10:27  Barracks Reactor  
  123  10:30  Barracks  
  123  10:32  Barracks x2  
Tags
 
Composition
MMM Bio
Matchup
TvZ
Replay Pack
22.2.2016
Add a new tag
Caveats
  • Supply blocks, unpowered buildings, or Contaminate may cause inaccurate times.
  • Supply counts are checked every 10 seconds.